 Dungeon Crawl Stone Soup version 0.23.2-33-g5129a83 (webtiles) character file.

Game seed: 438792426119844671

103 Aphrodieselac the Charmwright (level 4, -1/33 HPs)
             Began as a Merfolk Skald on Aug 8, 2019.
             Slain by Grinder (6 damage)
             ... on level 3 of the Dungeon.
             The game lasted 00:07:44 (2556 turns).

Aphrodieselac the Charmwright (Merfolk Skald)       Turns: 2556, Time: 00:07:44

Health: -1/33      AC:  3    Str: 11    XL:     4   Next: 79%
Magic:  7/7        EV: 12    Int: 13    God:
Gold:   90         SH:  0    Dex: 15    Spells: 2/7 levels left

rFire    . . .     SeeInvis .   a - +1 spear
rCold    . . .     Gourm    .   (no shield)
rNeg     . . .     Faith    .   b - +0 leather armour
rPois    .         Spirit   .   (no helmet)
rElec    .         Reflect  .   (no cloak)
rCorr    .         Harm     .   (no gloves)
MR       .....                  (no boots)
Stlth    ++........             (no amulet)
HPRegen  0.11/turn              j - ring of stealth
MPRegen  0.10/turn              l - +2 ring of dexterity

@: no status effects
A: change form in water, swift swim, stealthy swim
a: no special abilities


You were on level 3 of the Dungeon.
You were not hungry.

You visited 1 branch of the dungeon, and saw 3 of its levels.

You collected 90 gold pieces.

Inventory:

Hand Weapons
 a - a +1 spear (weapon)
Missiles
 f - 5 tomahawks (quivered)
Armour
 b - a +0 leather armour (worn)
Jewellery
 j - a ring of stealth (left hand)
 k - an uncursed amulet of guardian spirit
 l - a +2 ring of dexterity (right hand)
Scrolls
 o - 2 scrolls of amnesia {unknown}
 p - 3 scrolls of identify {unknown}
 s - a scroll of teleportation {unknown}
Potions
 e - a potion of heal wounds {unknown}
 g - a potion of flight {unknown}
 h - a potion of resistance {unknown}
 m - a potion of brilliance {unknown}
 n - a potion of invisibility {unknown}
 q - a potion of lignification {unknown}
Comestibles
 d - 6 rations
 i - 4 chunks of flesh


   Skills:
 - Level 2.1 Fighting
 + Level 4.6 Polearms
 - Level 0.6 Armour
 - Level 2.6 Dodging
 - Level 2.0 Spellcasting
 * Level 5.2 Charms


You had 2 spell levels left.
You knew the following spells:

 Your Spells              Type           Power        Failure   Level  Hunger
a - Infusion              Chrm           ##..         4%          1    ##.....
b - Song of Slaying       Chrm           ##......     6%          2    ###....
c - Shroud of Golubria    Chrm/Tloc      #.........   17%         2    ###....

Your spell library contained the following spells:

 Spells                   Type           Power        Failure   Level  Hunger
 Regeneration             Chrm/Necr      #.........   34%         3    ####...
 Spectral Weapon          Hex/Chrm       #.......     34%         3    ####...


Dungeon Overview and Level Annotations

Branches:
Dungeon (3/15)

Altars:

Annotations:
D:3 Grinder


Message History

Pain shoots through your body!
Grinder says, "Don't move a muscle."
Grinder gestures at you.
You suddenly lose the ability to move!
Grinder hits you!
* * * LOW HITPOINT WARNING * * *
You writhe in agony.
* * * LOW HITPOINT WARNING * * *
You can move again.
Grinder gestures at you.
You shrug off the repeated paralysis!
Unknown command.
Unknown command.
As you read the scroll labeled YLOMAEQOISCH, it crumbles to dust.
It is a scroll of enchant weapon.
Your +0 spear glows red for a moment.
As you read the scroll labeled ATIT VUNKEG, it crumbles to dust.
You feel blessed for a moment.
It was a scroll of remove curse.
Grinder hits you.
You die...

#.###...... #.#
..... #.# .... #.#
... #.# .. #.# .
#.# #5# #@# #.#
#.# #.#
################.#
.................#
.#################
#### .# #... (#
#.##


You could see Grinder.

Vanquished Creatures
  5 adders
  3 worms
  A leopard gecko (D:1)
  6 bats
  A giant cockroach (D:1)
  10 goblins
  8 hobgoblins
  2 frilled lizards
  8 kobolds
  4 rats
48 creatures vanquished.

Notes
Turn   | Place    | Note
-------+----------+-------------------------------------------
     0 | D:1      | Aphrodieselac the Merfolk Skald began the quest for the
                  | Orb.
     0 | D:1      | Reached XP level 1. HP: 16/16 MP: 3/3
   100 | D:1      | Reached XP level 2. HP: 5/22 MP: 0/5
   426 | D:1      | Reached skill level 4 in Charms
   769 | D:1      | Reached XP level 3. HP: 27/27 MP: 6/6
  1563 | D:1      | Learned a level 2 spell: Song of Slaying
  1566 | D:1      | Learned a level 2 spell: Shroud of Golubria
  1631 | D:1      | Reached XP level 4. HP: 17/33 MP: 5/7
  1904 | D:2      | Found a faded altar of an unknown god.
  2086 | D:2      | Reached skill level 5 in Charms
  2538 | D:3      | Noticed Grinder
  2546 | D:3      | Paralysed by Grinder for 7 turns
  2556 | D:3      | Slain by Grinder

Skill      XL: |  1  2  3  4 |
---------------+-------------+-----
Charms         | 4 5 |  5.2
Polearms       | 4 |  4.6
Fighting       | |  2.1
Armour         | |  0.6
Dodging        | |  2.6
Spellcasting   | |  2.0

Action                   |  1- 3 |  4- 6 || total
-------------------------+-------+-------++-------
Melee: Spear             |   132 |    54 ||   186
 Cast: Infusion          |     5 |     3 ||     8
  Use: Scroll            |       |     2 ||     2
 Stab: Sleeping          |     3 |       ||     3
  Eat: Chunk             |     2 |     3 ||     5
Armor: Leather armour    |    32 |     4 ||    36
Dodge: Dodged            |    52 |    16 ||    68
